Map: Old Republic LE

Players

Jamin - Winner!

  • Race: Terran Terran
  • League: Silver
  • Spawn Location: 1:00

VOD

Have the link to the VOD?

Description

Time

  • Played on: Dec. 6, 2025, 5:42 a.m.
  • Length: 23:18
Show
View Real Time Build Order
Export as new Build Order

Jamin Terran - Winner!

Build Orders:  

Get SALT Encoding   

  12  0:00  SCV  
  13  0:17  SCV  
  14  0:24  Supply Depot  
  14  0:35  SCV  
  15  0:54  SCV  
  15  0:56  Barracks  
  16  1:11  SCV  
  17  1:22  Refinery  
  17  1:28  SCV  
  18  1:45  SCV  
  19  2:09  Orbital Command  
  19  2:27  Command Center  
  20  2:30  Supply Depot  
  20  2:34  Reaper  
  20  2:47  SCV  
  21  3:05  SCV  
  22  3:20  Factory  
  22  3:22  SCV  
  23  3:30  Unknown  
  23  3:38  Barracks Tech Lab  
  23  3:42  Barracks Reactor  
  23  3:57  SCV  
  24  4:09  Refinery  
  24  4:10  Orbital Command  
  24  4:26  Supply Depot  
  24  4:34  SCV  
  25  4:44  Factory Reactor  
  25  4:53  Starport  
  25  4:58  SCV x2  
  27  5:01  Marine  
  27  5:02  Marine  
  29  5:10  Barracks  
  29  5:14  Supply Depot, Barracks  
  29  5:15  SCV x2  
  31  5:32  SCV x2  
  31  5:37  Marine  
  31  5:38  Marine  
  35  5:49  SCV x2  
  37  6:03  Marine  
  37  6:04  Marine  
  37  6:06  SCV x2  
  41  6:25  Bunker  
  41  6:28  SCV  
  41  6:29  SCV  
  43  6:32  Stimpack, Barracks Tech Lab, Barracks Reactor  
  42  6:40  Marine x2  
  44  6:55  Supply Depot  
  44  6:57  SCV x2, Supply Depot  
  46  7:00  Marine  
  47  7:15  SCV  
  47  7:16  SCV  
  49  7:24  Medivac x2  
  49  7:27  Marine  
  49  7:28  Marine x3  
  49  7:29  Supply Depot  
  59  7:31  Marine, Supply Depot  
  59  7:32  SCV  
  59  7:33  SCV  
  60  7:49  SCV x2  
  61  7:52  Marine  
  61  7:53  Marine x3  
  61  7:56  Marine  
  61  7:58  Refinery  
  67  8:05  Refinery, Supply Depot  
  67  8:06  Medivac x2, Supply Depot  
  71  8:14  SCV x2  
  73  8:20  Marine x2  
  73  8:21  Marine x3  
  78  8:30  SCV  
  78  8:31  SCV  
  78  8:38  Supply Depot  
  78  8:39  Supply Depot  
  80  8:45  Marine x2  
  80  8:46  Marine x3  
  80  8:47  SCV  
  80  8:48  SCV  
  87  9:00  Command Center  
  87  9:04  SCV  
  87  9:05  SCV  
  89  9:10  Marine x3  
  89  9:11  Marine x2, Supply Depot  
  89  9:15  Supply Depot  
  94  9:21  SCV x2  
  94  9:22  Unknown  
  96  9:35  Marine x3  
  96  9:36  Marine x2  
  96  9:39  Barracks  
  101  9:40  SCV x2  
  101  9:41  Barracks  
  101  10:00  Marine x3  
  101  10:01  Marine x2  
  101  10:06  SCV x2  
  108  10:15  Medivac x2  
  112  10:23  SCV x2  
  112  10:25  Marine x3  
  112  10:26  Marine x2  
  119  10:40  SCV x2  
  121  10:50  Refinery  
  121  10:54  Refinery  
  121  10:57  Medivac x2  
  121  10:58  Supply Depot  
  125  11:00  Orbital Command  
  125  11:02  Marine x3  
  125  11:03  Barracks Reactor x2  
  125  11:04  Marine  
  125  11:05  Marine  
  130  11:27  Marine x3, Supply Depot  
  130  11:29  Marine  
  134  11:35  Marine  
  134  11:37  Supply Depot  
  134  11:39  Medivac x2  
  139  11:52  Marine x3  
  139  11:54  Marine  
  139  11:59  Supply Depot  
  143  12:00  Marine x3  
  143  12:01  Marine x2  
  148  12:17  Marine x3  
  148  12:19  Marine  
  152  12:25  Marine  
  153  12:40  Marine  
  153  12:41  Marine x3  
  153  12:42  Marine x2  
  153  12:43  SCV x2  
  153  12:47  Marine x2  
  153  12:48  Medivac x2  
  167  12:50  Marine  
  168  13:05  Marine  
  168  13:06  Marine x3  
  168  13:07  Marine x2  
  174  13:12  Marine x2, Supply Depot  
  174  13:13  Supply Depot  
  176  13:22  Marine  
  175  13:30  Medivac x2, Marine  
  175  13:31  Marine x4  
  175  13:32  Marine  
  175  13:33  Unknown  
  175  13:36  Marine  
  175  13:37  Marine  
  175  13:38  Unknown  
  160  13:41  Unknown  
  160  13:47  Marine  
  136  13:55  Marine x2  
  136  13:56  Marine x3  
  136  13:58  Marine  
  118  14:01  Marine  
  118  14:02  Marine  
  115  14:12  Marine  
  116  14:20  Marine x2  
  116  14:21  Marine  
  116  14:26  Marine x2  
  116  14:27  Marine x3  
  123  14:37  Marine  
  124  14:45  Marine x2  
  124  14:46  Marine  
  125  14:51  Marine x2  
  125  14:52  Marine x3  
  125  15:02  Marine  
  125  15:07  Unknown  
  122  15:10  Marine x3  
  122  15:16  Marine x2  
  122  15:17  Marine x3  
  130  15:27  Marine  
  128  15:35  Marine x3  
  131  15:41  Marine x2  
  131  15:42  Marine x3  
  125  15:51  Unknown  
  125  15:52  Marine  
  118  16:00  Marine x3  
  118  16:06  Marine x3  
  118  16:07  Marine x2  
  116  16:24  Marine  
  116  16:25  Marine x3  
  118  16:32  Medivac  
  118  16:33  Medivac  
  118  16:34  Marine x4  
  118  16:35  Marine  
  127  16:49  Marine  
  128  16:50  Marine x3  
  128  16:54  Concussive Shells  
  128  16:59  Marine x4  
  135  17:00  Marine  
  135  17:07  Unknown  
  136  17:14  Marine  
  136  17:15  Marine x3  
  138  17:24  Marine x4  
  138  17:25  Marine  
  136  17:39  Marine  
  132  17:40  Marine x3  
  132  17:49  Marine x5  
  135  18:04  Marine  
  135  18:05  Marine x3  
  135  18:14  Marine x5  
  139  18:29  Marine  
  140  18:30  Marine x3  
  140  18:38  Marine  
  144  18:58  Marine x3  
  144  18:59  Marine x5  
  152  19:03  Marine  
  153  19:23  Marine x3  
  153  19:24  Marine x5  
  153  19:28  Marine  
  153  19:48  Marine x3  
  153  19:49  Marine x3  
Tags
 
Add a new tag
Caveats
  • Supply blocks, unpowered buildings, or Contaminate may cause inaccurate times.
  • Supply counts are checked every 10 seconds.